 Dungeon Crawl Stone Soup version 0.31-a0-75-g6fe912e8c5 (webtiles) character file.

Game seed: 4845404350594530221

4499 domi the Covert (level 10, -12/47 HPs)
             Began as a Vine Stalker Fighter on May 23, 2023.
             Was an Elder of Wu Jian.
             Mangled by an ice devil (17 damage)
             ... summoned by an orc high priest
             ... in a bailey.
             The game lasted 00:20:11 (7607 turns).

domi the Covert (Vine Stalker Fighter)              Turns: 7607, Time: 00:20:12

Health: -12/47     AC: 14    Str: 18      XL:     10   Next: 38%
Magic:  0/18       EV:  9    Int:  6 (7)  God:    Wu Jian [****..]
Gold:   437        SH:  7    Dex: 25      Spells: 17/19 levels left

rFire   . . .        k - +4 rapier (holy)
rCold   . . .        c - +1 buckler
rNeg    + . .        b - +0 scale mail
rPois   +            (no helmet)
rElec   .            x - +2 ratskin cloak {*Rats rPois rN+ Str-1 Int-1 Dex+1}
rCorr   .            (no gloves)
SInv    .            (no boots)
Will    +....        (no amulet)
Stlth   ++++         B - +6 ring of dexterity
HPRegen 1.07/turn    n - +4 ring of protection
MPRegen 0.16/turn

%: guardian spirit
@: mighty, spiked, studying Stealth
A: fangs 3, regeneration 1, magic shield, antimagic bite, no potion heal 2,
frail 1
a: Renounce Religion, Wall Jump, Serpent's Lash


You were in a bailey.
You worshipped Wu Jian.
Wu Jian was greatly pleased with you.
You visited 2 branches of the dungeon, and saw 9 of its levels.
You also visited: Sewer and Bailey.

You collected 437 gold pieces.

Inventory:

Hand Weapons
 a - a +0 rapier
 k - a +4 rapier of holy wrath (weapon)
   (You acquired it in a bailey)
 q - a +0 dagger of venom
   (You took it off a goblin on level 2 of the Dungeon)
 v - a +2 dagger of venom
   (You took it off an orc on level 3 of the Dungeon)
 F - a +5 short sword
   (You took it off a wight on level 7 of the Dungeon)
Missiles
 d - a throwing net {=f, !d=f}
Armour
 b - a +0 scale mail (worn)
 c - a +1 buckler (worn)
 x - the +2 ratskin cloak (worn) {*Rats rPois rN+ Str-1 Int-1 Dex+1}
   (You found it on level 5 of the Dungeon)

   *Rats:     When the wearer is hurt, rats may emerge from it to assist them.
   Str:       It affects your strength (-1).
   Int:       It affects your intelligence (-1).
   Dex:       It affects your dexterity (+1).
   rPois:     It protects you from poison.
   rN:        It protects you from negative energy.
Magical Staves
 w - a staff of cold {rC+}
   (You found it on level 3 of the Dungeon)
Jewellery
 n - a +4 ring of protection (right hand)
   (You found it on level 2 of the Dungeon)
 B - a +6 ring of dexterity (left hand)
   (You found it on level 7 of the Dungeon)
 C - a ring of positive energy {rN+}
   (You found it on level 7 of the Dungeon)
Wands
 j - a wand of paralysis (14)
   (You found it on level 5 of the Dungeon)
 z - a wand of polymorph (8)
   (You found it on level 5 of the Dungeon)
 A - a wand of mindburst (21)
   (You found it on level 6 of the Dungeon)
Scrolls
 h - 6 scrolls of identify {@r1}
 m - 3 scrolls of teleportation {@r4}
 o - 5 scrolls of vulnerability {!r!r}
 r - a scroll of poison
 t - a scroll of blinking
 u - 2 scrolls of enchant armour
 D - a scroll of fog
Potions
 e - 3 potions of mutation {!q!q}
 f - a potion of attraction {unknown}
 g - 3 potions of heal wounds {unknown}
 i - a potion of resistance {unknown}
 l - 2 potions of curing {@q1}
 p - a potion of degeneration {unknown}


   Skills:
 + Level 5.8 Fighting
 * Level 7.4 Short Blades
 + Level 5.3 Armour
 + Level 9.5 Stealth
 - Level 4.0 Shields
 + Level 5.3 Spellcasting
 + Level 4.7 Transmutations


You had 17 spell levels left.
You knew the following spells:

 Your Spells              Type           Power      Damage    Failure   Level
y - Wereblood             Tmut           7%         N/A       22%         2

Your spell library contained the following spells:

 Spells                   Type           Power      Damage    Failure   Level
 Beastly Appendage        Tmut           14%        N/A       16%         1
 Summon Small Mammal      Summ           4%         N/A       73%         1
 Spider Form              Tmut/Pois      3%         N/A       85%         3
 Call Canine Familiar     Summ           1%         N/A       97%         3
 Summon Guardian Golem    Hex/Summ       0%         N/A       99%         3
 Volatile Blastmotes      Fire/Tloc      0%         2d10      99%         3
 Fulminant Prism          Conj/Hex       0%         3d5       100%        4
 Iskenderun's Mystic Bla  Conj/Tloc      0%         2d3       100%        4
 Lee's Rapid Deconstruct  Erth           0%         3d4*      100%        5
 Conjure Ball Lightning   Conj/Air       0%         3x3d6     100%        6
 Discord                  Hex            0%         N/A       100%        8
 Disjunction              Tloc           0%         N/A       100%        8


Dungeon Overview and Level Annotations

Branches:
Dungeon (8/15)             Temple (1/1) D:5           Sewer (visited)
 Bailey (1/1)
   Lair: D:8-11

Altars:
Ashenzari
Dithmenos
Elyvilon
Gozag
Makhleb
Ru
Sif Muna
Uskayaw
Wu Jian
Yredelemnul
The Shining One


Innate Abilities, Weirdness & Mutations

You have razor-sharp teeth.
Your natural rate of healing is unusually fast.
When hurt, damage is shared between your health and your magic reserves.
Your bite disrupts and absorbs the magic of your enemies.
Potions cannot restore your health.
You are frail. (-10% HP)


Message History

Things that are here:
a +0 war axe; a +0 plate armour; an orc corpse You open the door.
There is an open door here.
You now have 437 gold pieces (gained 9).
There is an open door here.
Things that are here:
a +0 war axe; a +0 leather armour
There is an open door here.
There is an open door here.
Things that are here:
a +0 hand axe; a +0 leather armour; a gnoll corpse
Things that are here:
a +0 war axe; a +0 scale mail You open the door.
An orc warrior and an orc high priest come into view.
Found an iron altar of Okawaru.
There are monsters nearby!
There are monsters nearby!
There are monsters nearby!
There are monsters nearby!
A hobgoblin comes into view. It is wielding a +0 hand axe.
The orc warrior shouts!
There is an open door here.
You closely miss the hobgoblin. The hobgoblin closely misses you.
You barely miss the hobgoblin.
The orc high priest shouts!
You bite the hobgoblin, but do no damage.
You hit the hobgoblin.
The orc high priest prays to Beogh.
The hobgoblin barely misses you.
The orc warrior attacks as you move away!
The orc warrior barely misses you.
You closely miss the orc warrior.
You bite the orc warrior, but do no damage.
The orc warrior hits you but does no damage.
You barely miss the orc warrior. You bite the orc warrior. You drain its power.
The red devil hits you from afar with a +0 trident!
Barbed spikes become lodged in your body.
The orc warrior hits you but does no damage.
The orc high priest mumbles some strange prayers to Beogh against you.
Beogh smites you!
Unknown command.
Okay, then.
Press: ? - help, Shift-Dir - straight line, f - orc warrior
Aim: an orc warrior, wielding a +0 war axe and wearing a +0 plate armour (lightly wounded, chance to affect: 49%)
The orc warrior resists with some effort.
The red devil barely misses you.
The orc warrior hits you with a +0 war axe!
Press: ? - help, Shift-Dir - straight line, f/p - orc warrior
Aim: an orc warrior, wielding a +0 war axe and wearing a +0 plate armour (chance to affect: 49%)
The orc warrior suddenly stops moving!
The red devil hits you from afar with a +0 trident!
Barbed spikes become lodged in your body.
The helpless orc warrior fails to defend itself.
You skewer the orc warrior like a kebab!!!
You kill the orc warrior!
The Council accepts your kill.
The red devil hits you from afar with a +0 trident!
Barbed spikes become lodged in your body.
The orc high priest prays to Beogh.
You hit the ice devil but do no damage. You bite the ice devil.
You drain its power.
The red devil hits you from afar with a +0 trident.
Barbed spikes become lodged in your body.
You block the ice devil's attack.
You hit the ice devil.
The ice devil convulses.
You block the red devil's attack. The ice devil hits you.
The ice devil freezes you!!
* * * LOW HITPOINT WARNING * * *
You closely miss the ice devil. You bite the ice devil! You drain its power.
The red devil barely misses you. The ice devil barely misses you.
Magic courses through your body.
The red devil hits you from afar with a +0 trident.
* * * LOW HITPOINT WARNING * * *
Barbed spikes become lodged in your body.
The ice devil hits you!
* * * LOW HITPOINT WARNING * * *
The ice devil freezes you!
* * * LOW HITPOINT WARNING * * *
It was a potion of mutation.
You feel extremely strange.
You feel frail. The red devil closely misses you.
You block the ice devil's attack.
It was a potion of curing.
That felt strangely inert.
The red devil hits you but does no damage.
The ice devil misses you.
Okay, then.
Press: ? - help, Shift-Dir - straight line, f - ice devil
Aim: an ice devil (heavily wounded, summoned, chance to affect: 16%)
Okay, then.
Press: ? - help, Shift-Dir - straight line, f - ice devil
Aim: an ice devil (heavily wounded, summoned, chance to affect: 7%)
Okay, then.
Okay, then.
You feel very mighty all of a sudden.
The red devil hits you but does no damage.
The ice devil hits you.
* * * LOW HITPOINT WARNING * * *
The ice devil freezes you!!
You die...

#≈≈≈≈≈#.)..'.....#)......# #≈
#≈≈≈≈≈#)...#.....))8.8.8.# #≈
#≈≈≈≈≈#.##############.).######≈
#≈≈≈≈≈÷.#[[+ ....#..)...#.~≈
#≈≈≈≈≈~.#[[# ....#......#.~≈
#≈≈≈≈≈~.#..# .4..#####''#.~≈
#≈≈≈≈≈~.#########....##.....#.~≈
#≈≈≈≈≈~.#..8.8..#o...##..)).'...
#≈≈≈≈≈~∩.......@4g3..##..⌠..'...
#≈≈≈≈≈~.#..8.8..#4...##.)...'...
#≈≈≈≈≈~.#########....##.....#.~≈
#≈≈≈≈≈~.#..# ....#####++#.~≈
#≈≈≈≈≈~.#))# ....#......#.~≈
#≈≈≈≈≈~.#))+ ....#......#.~≈
#≈≈≈≈≈#.##############...######≈
#≈≈≈≈≈#....#)....')8.8.8.#....#≈
#≈≈≈≈≈#..).))....#)......#....#≈


You could see an orc high priest, an ice devil (summoned), a neqoxec (summoned),
a red devil (summoned) and a hobgoblin.

Vanquished Creatures
  A kobold demonologist (Bailey)
  Grinder (D:5)
  A steam dragon (D:7)
  Edmund (D:5)
  7 orc warriors (Bailey)
  An ice beast (D:6)
  2 black bears
  2 ogres
  2 centaurs
  3 phantoms
  Blork the orc (D:5)
  4 scorpions
  5 bullfrogs
  3 wights (D:7)
  3 electric eels (Bailey)
  3 jellies
  4 hounds
  4 orc priests (D:5)
  A sleepcap (D:5)
  4 iguanas
  3 orc wizards (D:5)
  7 hell rats (D:5)
  15 adders
  7 gnolls
  18 river rats (D:5)
  4 white imps
  An ufetubus (D:6)
  5 worms
  3 dart slugs
  23 orcs
  17 ball pythons
  15 endoplasms
  9 giant cockroaches
  5 hobgoblins
  3 jackals (D:1)
  9 kobolds
  18 quokkas
  5 bats
  19 frilled lizards
  14 goblins
  4 rats
  A spectral hobgoblin (D:3)
258 creatures vanquished.

Vanquished Creatures (collateral kills)
  An orc warrior (Bailey)
  An electric eel (Bailey)
  An orc (Bailey)
  2 goblins (Bailey)
  A hobgoblin (Bailey)
6 creatures vanquished.

Grand Total: 264 creatures vanquished

Notes
Turn   | Place    | Note
-------+----------+-------------------------------------------
     0 | D:1      | domi the Vine Stalker Fighter began the quest for the Orb.
     0 | D:1      | Reached XP level 1. HP: 11/11 MP: 2/2
   243 | D:1      | Reached XP level 2. HP: 15/16 MP: 3/3
   268 | D:1      | Reached skill level 2 in Short Blades
   469 | D:1      | Reached skill level 3 in Shields
   469 | D:1      | Reached XP level 3. HP: 8/19 MP: 4/4
   984 | D:2      | Reached skill level 1 in Stealth
  1447 | D:2      | Gained mutation: Your natural rate of healing is unusually
                  | fast. [Vine Stalker growth]
  1447 | D:2      | Reached XP level 4. HP: 21/23 MP: 6/6
  1487 | D:2      | Reached skill level 1 in Spellcasting
  1842 | D:3      | Found a faded altar of an unknown god.
  2129 | D:3      | HP: 4/23 [worm (6)]
  2314 | D:3      | Reached skill level 3 in Fighting
  2314 | D:3      | Reached XP level 5. HP: 13/28 MP: 2/8
  2691 | D:4      | Noticed a black bear
  2703 | D:4      | HP: 6/28 [black bear (5)]
  2703 | D:4      | HP: 1/28 [black bear (5)]
  2705 | D:4      | Killed a black bear
  2706 | D:4      | Reached skill level 3 in Short Blades
  2706 | D:4      | Reached skill level 2 in Stealth
  2706 | D:4      | Reached XP level 6. HP: 3/32 MP: 2/9
  2709 | D:4      | HP: 6/32 [kobold/stone (1)]
  2937 | D:4      | Found a basalt altar of Yredelemnul.
  3275 | D:4      | Reached skill level 3 in Armour
  3275 | D:4      | Reached skill level 2 in Spellcasting
  3415 | D:4      | Learned a level 2 spell: Wereblood
  3440 | D:5      | Entered Level 5 of the Dungeon
  3488 | D:5      | Found a staircase to the Ecumenical Temple.
  3502 | D:5      | Reached skill level 4 in Shields
  3522 | Temple   | Entered the Ecumenical Temple
  3529 | Temple   | Became a worshipper of the Wu Jian Council
  3539 | D:5      | Identified a scroll of acquirement
  3539 | D:5      | Acquired a manual of Stealth
  3577 | D:5      | Noticed Blork the orc
  3592 | D:5      | Killed Blork the orc
  3593 | D:5      | Reached skill level 3 in Stealth
  3593 | D:5      | Reached XP level 7. HP: 14/36 MP: 4/11
  3629 | D:5      | Reached skill level 4 in Short Blades
  3629 | D:5      | Reached skill level 1 in Transmutations
  3747 | D:5      | Reached skill level 4 in Stealth
  3813 | D:5      | Noticed Edmund
  3827 | D:5      | HP: 9/37 [Edmund/+0 heavy dire flail (13)]
  3832 | D:5      | Killed Edmund
  3833 | D:5      | Reached skill level 4 in Fighting
  3833 | D:5      | Reached skill level 3 in Spellcasting
  3833 | D:5      | Gained mutation: You have razor-sharp teeth. [Vine Stalker
                  | growth]
  3833 | D:5      | Reached XP level 8. HP: 16/42 MP: 3/13
  3855 | D:5      | HP: 4/42 [white imp/puff of frost (10)]
  3904 | D:5      | Reached skill level 2 in Transmutations
  3916 | D:5      | Reached * piety under Wu Jian
  3945 | D:5      | Found a glowing drain.
  3952 | Sewer    | Entered a sewer
  4122 | Sewer    | Reached skill level 5 in Stealth
  4130 | Sewer    | Reached ** piety under Wu Jian
  4418 | D:5      | Noticed Grinder
  4428 | D:5      | Reached skill level 5 in Short Blades
  4454 | D:5      | Killed Grinder
  4455 | D:5      | Reached skill level 4 in Armour
  4455 | D:5      | Reached skill level 6 in Stealth
  4597 | D:5      | Reached skill level 3 in Transmutations
  4607 | D:5      | Found the +2 ratskin cloak {*Rats rPois rN+ Str-1 Int-1
                  | Dex+1}
  4620 | D:5      | Reached *** piety under Wu Jian
  4625 | D:5      | Reached XP level 9. HP: 28/46 MP: 15/15
  4862 | D:5      | Reached skill level 4 in Spellcasting
  4878 | D:5      | Reached skill level 7 in Stealth
  5445 | D:6      | Reached skill level 6 in Short Blades
  5541 | D:6      | Found a hide-covered altar of Uskayaw.
  5667 | D:6      | Reached skill level 5 in Fighting
  6015 | D:7      | Found a sacrificial altar of Ru.
  6059 | D:7      | Reached skill level 8 in Stealth
  6093 | D:7      | Found a burning altar of Makhleb.
  6178 | D:7      | Reached skill level 4 in Transmutations
  6753 | D:7      | Found an opulent altar of Gozag.
  7167 | D:8      | Reached XP level 10. HP: 51/51 MP: 18/18
  7178 | D:8      | Found a flagged portal.
  7184 | Bailey   | Entered a bailey
  7212 | Bailey   | Reached **** piety under Wu Jian
  7251 | Bailey   | Reached skill level 7 in Short Blades
  7251 | Bailey   | Reached skill level 5 in Armour
  7273 | Bailey   | Reached skill level 9 in Stealth
  7273 | Bailey   | Reached skill level 5 in Spellcasting
  7284 | Bailey   | Acquired a +4 rapier of holy wrath
  7288 | Bailey   | Noticed a kobold demonologist
  7291 | Bailey   | Noticed a soul eater
  7295 | Bailey   | Noticed an orange demon
  7309 | Bailey   | Noticed a soul eater
  7320 | Bailey   | Killed a kobold demonologist
  7590 | Bailey   | Found an iron altar of Okawaru.
  7590 | Bailey   | Noticed an orc high priest
  7602 | Bailey   | HP: 8/53 [ice devil[an orc high priest] (16)]
  7604 | Bailey   | HP: 2/53 [ice devil[an orc high priest] (5)]
  7605 | Bailey   | Gained mutation: You are frail. (-10% HP) [potion of
                  | mutation]
  7607 | Bailey   | Mangled by an ice devil

Illustrated notes

Levels and vault maps discovered:
D:1:      dpeg_arrival_orchard, layout_basic
D:2:      layout_loops_ring, minmay_lizard_king
D:3:      layout_loops_corners, dreamdust_ecumenical_altar_drowned_temple,
          grunt_ministairs_1
D:4:      layout_gridville, lemuel_crystal_altar, grunt_ministairs_1
D:5:      wander_guarded_unrand_ratskin, layout_loops_corners,
          minmay_temple_entry_junction, gup_sewer_entry_spiral, uniq_edmund,
          uniq_blork_the_orc, uniq_grinder
D:6:      layout_loops_corners, nicolae_uskayaw_dance_hall, amethyst_killhole,
          minmay_misc_feat_chi
D:7:      layout_basic, nicolae_gozag_cash_rules_everything_around_me,
          mainiacjoe_overflow_cross_hatched, nicolae_overflow_hidden_temple,
          serial_glass, glass_columns_c, glass_columns_c
D:8:      layout_basic, enter_bailey_3, wad_dig_loot, uniq_joseph
Temple:   hellmonk_temple_of_storms
Bailey:   bailey_axe_of_yendor_kennysheep, bailey

Skill      XL: |  1  2  3  4  5  6  7  8  9 10 |
---------------+-------------------------------+-----
Short Blades   | 2 3 4 5 6 7 |  7.4
Shields        | 3 4 |  4.0
Stealth        | 1 2 3 4 6 8 9 |  9.5
Spellcasting   | 1 2 3 4 5 |  5.3
Fighting       | 3 4 5 |  5.8
Armour         | 3 4 5 |  5.3
Transmutations | 1 3 4 |  4.7

Action                     |  1- 3 |  4- 6 |  7- 9 | 10-12 || total
---------------------------+-------+-------+-------+-------++-------
  Melee: Rapier            |   113 |    11 |       |    96 ||   220
         Bite              |    28 |    67 |   160 |    35 ||   290
         Dagger            |       |   173 |   593 |    38 ||   804
Ability: Lunge             |       |     1 |    29 |    11 ||    41
         Whirlwind         |       |       |    56 |    17 ||    73
  Evoke: Wand              |       |       |       |     2 ||     2
    Use: Scroll            |       |     7 |     5 |     1 ||    13
         Potion            |       |     1 |       |     4 ||     5
   Stab: Sleeping          |       |       |     7 |     6 ||    13
         Paralysed         |       |       |       |     1 ||     1
 Armour: Scale mail        |    39 |    61 |   105 |    26 ||   231
  Dodge: Dodged            |    42 |    78 |   135 |    36 ||   291
  Block: Buckler           |    17 |    45 |   123 |    41 ||   226

Table legend: (Time is in decaauts)
 A = Elapsed time spent in this place.
 B = Non-inter-level travel time spent in this place.
 C = Inter-level travel time spent in this place.
 D = Time resting spent in this place.
 E = Time spent auto-exploring this place.
 F = Levels seen in this place.
 G = Mean time per level.
                   A        B        C        D        E       F      G
               +--------+--------+--------+--------+--------+-----+--------+
         Total |   7596 |   7381 |    215 |    273 |   5242 |  11 |  690.5 |
       Dungeon |   6804 |   6595 |    209 |    269 |   4900 |   8 |  850.5 |
        Temple |     14 |      8 |      6 |      0 |      0 |   1 |   14.0 |
         Sewer |    370 |    370 |      0 |      0 |    119 |   1 |  370.0 |
        Bailey |    406 |    406 |      0 |      4 |    222 |   1 |  406.0 |
               +--------+--------+--------+--------+--------+-----+--------+

Top non-repeatable levels by time:
     D:5: 1388 daAuts
     D:7: 1170 daAuts
     D:1: 983 daAuts
     D:3: 918 daAuts
     D:4: 804 daAuts
     D:6: 771 daAuts
     D:2: 740 daAuts
  Bailey: 406 daAuts
   Sewer: 370 daAuts
     D:8: 26 daAuts
  Temple: 14 daAuts

Levels and vault maps discovered:
D:1:      dpeg_arrival_orchard, layout_basic
D:2:      layout_loops_ring, minmay_lizard_king
D:3:      layout_loops_corners, dreamdust_ecumenical_altar_drowned_temple,
          grunt_ministairs_1
D:4:      layout_gridville, lemuel_crystal_altar, grunt_ministairs_1
D:5:      wander_guarded_unrand_ratskin, layout_loops_corners,
          minmay_temple_entry_junction, gup_sewer_entry_spiral, uniq_edmund,
          uniq_blork_the_orc, uniq_grinder
D:6:      layout_loops_corners, nicolae_uskayaw_dance_hall, amethyst_killhole,
          minmay_misc_feat_chi
D:7:      layout_basic, nicolae_gozag_cash_rules_everything_around_me,
          mainiacjoe_overflow_cross_hatched, nicolae_overflow_hidden_temple,
          serial_glass, glass_columns_c, glass_columns_c
D:8:      layout_basic, enter_bailey_3, wad_dig_loot, uniq_joseph
Temple:   hellmonk_temple_of_storms
Bailey:   bailey_axe_of_yendor_kennysheep, bailey

Table legend: (Time is in decaauts)
 A = Elapsed time spent in this place.
 B = Non-inter-level travel time spent in this place.
 C = Inter-level travel time spent in this place.
 D = Time resting spent in this place.
 E = Time spent auto-exploring this place.
 F = Levels seen in this place.
 G = Mean time per level.
                   A        B        C        D        E       F      G
               +--------+--------+--------+--------+--------+-----+--------+
         Total |   7596 |   7381 |    215 |    273 |   5242 |  11 |  690.5 |
       Dungeon |   6804 |   6595 |    209 |    269 |   4900 |   8 |  850.5 |
        Temple |     14 |      8 |      6 |      0 |      0 |   1 |   14.0 |
         Sewer |    370 |    370 |      0 |      0 |    119 |   1 |  370.0 |
        Bailey |    406 |    406 |      0 |      4 |    222 |   1 |  406.0 |
               +--------+--------+--------+--------+--------+-----+--------+

Top non-repeatable levels by time:
     D:5: 1388 daAuts
     D:7: 1170 daAuts
     D:1: 983 daAuts
     D:3: 918 daAuts
     D:4: 804 daAuts
     D:6: 771 daAuts
     D:2: 740 daAuts
  Bailey: 406 daAuts
   Sewer: 370 daAuts
     D:8: 26 daAuts
  Temple: 14 daAuts

Table legend:
 A = Kills in this place as a percentage of kills in the entire game.
 B = Kills by you in this place as a percentage of kills by you in the entire game.
 C = Kills by friends in this place as a percentage of kills by friends in the entire game.
 D = Other kills in this place as a percentage of other kills in the entire game.
 E = Experience gained in this place as a percentage of experience gained in the entire game.
 F = Experience gained in this place divided by the number of levels of this place that you have seen.
                   A       B       C       D       E      F
               +-------+-------+-------+-------+-------+----------------------
         Total | 100.0 | 100.0 | 100.0 |   N/A | 100.0 | 584.4
       Dungeon |  69.3 |  70.9 |   0.0 |   N/A |  67.8 | 544.9
         Sewer |  18.2 |  18.6 |   0.0 |   N/A |   4.9 | 316.0
        Bailey |  12.5 |  10.5 | 100.0 |   N/A |  27.3 | 1753.0
               +-------+-------+-------+-------+-------+----------------------
